| TOP OF THE 1ST |
|
Miami (APP) Marlins batting - Pitching for Philadelphia (APP) Phillies : LHP Eddie San Miguel
|
|
Pitching: LHP Eddie San Miguel
|
|
|
Batting: RHB Jason Thrash
|
0-0: Ground out 6-3 (Groundball, 6, EV 88.8 MPH)
|
|
Batting: RHB Keith Bennett
|
0-0: Foul Ball, location: 2F 0-1: Called Strike 0-2: Ball 1-2: Ball 2-2: Strikes out swinging
|
|
Batting: RHB Mario Cota
|
0-0: Ball 1-0: Ground out 1-3 (Groundball, 13S, EV 71.9 MPH)
|
| Top of the 1st over - 0 runs, 0 hits, 0 errors, 0 left on base; Miami (APP) 0 - Philadelphia (APP) 0 |
| BOTTOM OF THE 1ST |
|
Philadelphia (APP) Phillies batting - Pitching for Miami (APP) Marlins : LHP Bryan Wedge
|
|
Pitching: LHP Bryan Wedge
|
|
|
Batting: RHB Pablo Lopez
|
0-0: Ball 1-0: Called Strike 1-1: Ground out 5-3 (Groundball, 56, EV 83.8 MPH)
|
|
Batting: LHB Danny Zuniga
|
0-0: Ball 1-0: Ball 2-0: Called Strike 2-1: Foul Ball, location: 2F 2-2: Foul Ball, location: 2F 2-2: Foul Ball, location: 2F 2-2: Fly out, F5 (Popup, 5, EV 66.9 MPH)
|
|
Batting: LHB Alex Fernandez
|
0-0: Ball 1-0: Foul Ball, location: 2F 1-1: Foul Ball, location: 2F 1-2: Fly out, F8 (Flyball, 8RM, EV 86.2 MPH)
|
| Bottom of the 1st over - 0 runs, 0 hits, 0 errors, 0 left on base; Miami (APP) 0 - Philadelphia (APP) 0 |
| TOP OF THE 2ND |
|
Miami (APP) Marlins batting - Pitching for Philadelphia (APP) Phillies : LHP Eddie San Miguel
|
|
Batting: SHB Matt Moore
|
0-0: Ball 1-0: Called Strike 1-1: Ball 2-1: TRIPLE (Flyball, 9D, EV 105.0 MPH)
|
|
Batting: RHB Adrian Bocker
|
0-0: Fly out, F9 (Flyball, 89D, EV 98.1 MPH) Runner from 3rd tags up, SCORES, throw by RF
|
|
Batting: RHB Matt Alexander
|
0-0: Ball 1-0: Ball 2-0: Fly out, F9 (Flyball, 9LM, EV 82.5 MPH)
|
|
Batting: RHB Rick Knoblauch
|
0-0: Ground out 6-3 (Groundball, 56, EV 91.2 MPH)
|
| Top of the 2nd over - 1 run, 1 hit, 0 errors, 0 left on base; Miami (APP) 1 - Philadelphia (APP) 0 |
| BOTTOM OF THE 2ND |
|
Philadelphia (APP) Phillies batting - Pitching for Miami (APP) Marlins : LHP Bryan Wedge
|
|
Batting: RHB Carlos Morejon
|
0-0: Ball 1-0: Called Strike 1-1: Swinging Strike 1-2: Strikes out swinging
|
|
Batting: RHB Vaclav Been
|
0-0: Ball 1-0: Swinging Strike 1-1: Foul Ball, location: 2F 1-2: Ball 2-2: Ball 3-2: Strikes out swinging
|
|
Batting: RHB Mark Schultz
|
0-0: Ball 1-0: Ball 2-0: Called Strike 2-1: Ground out 6-3 (Groundball, 4M, EV 102.5 MPH)
|
| Bottom of the 2nd over - 0 runs, 0 hits, 0 errors, 0 left on base; Miami (APP) 1 - Philadelphia (APP) 0 |
| TOP OF THE 3RD |
|
Miami (APP) Marlins batting - Pitching for Philadelphia (APP) Phillies : LHP Eddie San Miguel
|
|
Batting: LHB Gavrilo Brkic
|
0-0: Ball 1-0: Ball 2-0: Foul Ball, location: 2F 2-1: Ground out 5-3 (Groundball, 56, EV 86.2 MPH)
|
|
Batting: LHB Melvin Castro
|
0-0: SOLO HOME RUN (Line Drive, 7D, EV 96.9 MPH), Distance : 379 ft
|
|
Batting: RHB Jason Thrash
|
0-0: Called Strike 0-1: Ball 1-1: Swinging Strike 1-2: Strikes out looking
|
|
Batting: RHB Keith Bennett
|
0-0: Ball 1-0: Called Strike 1-1: Swinging Strike 1-2: Strikes out swinging
|
| Top of the 3rd over - 1 run, 1 hit, 0 errors, 0 left on base; Miami (APP) 2 - Philadelphia (APP) 0 |
| BOTTOM OF THE 3RD |
|
Philadelphia (APP) Phillies batting - Pitching for Miami (APP) Marlins : LHP Bryan Wedge
|
|
Batting: RHB Eduardo Calderon
|
0-0: Ball 1-0: Ball 2-0: Ball 3-0: Base on Balls
|
|
Batting: LHB Matt Urbanek
|
0-0: Foul Ball, location: 2F 0-1: Swinging Strike 0-2: Strikes out swinging
|
|
Batting: LHB Eric Farren
|
0-0: Ball 1-0: Ball 2-0: Called Strike 2-1: Ball 3-1: Base on Balls Eduardo Calderon to second
|
|
Batting: RHB Pablo Lopez
|
0-0: Reached on error, E6 (Groundball, 6, EV 103.8 MPH) Eduardo Calderon to third Eric Farren to second
|
|
Batting: LHB Danny Zuniga
|
0-0: Called Strike 0-1: Ball 1-1: DOUBLE (Line Drive, 3D, EV 98.1 MPH) Eduardo Calderon scores Eric Farren scores Pablo Lopez to third Runner from 3rd tries for Home, SAFE, no throw by RF
|
|
Batting: LHB Alex Fernandez
|
0-0: Ball 1-0: Swinging Strike 1-1: SINGLE (Groundball, 6D, EV 102.5 MPH) Danny Zuniga to third Runner from 3rd tries for Home, SAFE, throw by CF to home
|
|
Batting: RHB Carlos Morejon
|
0-0: Ball 1-0: Ball 2-0: Foul Ball, location: 2F 2-1: Ball 3-1: Foul Ball, location: 2F 3-2: Reached on error, E5 (Groundball, 5, EV 95.0 MPH) Alex Fernandez to second
|
|
Batting: RHB Vaclav Been
|
0-0: Called Strike 0-1: Called Strike 0-2: Fielders Choice at 2nd, 4-6 (Groundball, 4, EV 86.2 MPH) Alex Fernandez to third
|
|
Batting: RHB Mark Schultz
|
0-0: Ball 1-0: Foul Ball, location: 2F 1-1: Ball 2-1: Swinging Strike 2-2: Ball 3-2: Strikes out swinging
|
| Bottom of the 3rd over - 4 runs, 2 hits, 2 errors, 2 left on base; Miami (APP) 2 - Philadelphia (APP) 4 |
| TOP OF THE 4TH |
|
Miami (APP) Marlins batting - Pitching for Philadelphia (APP) Phillies : LHP Eddie San Miguel
|
|
Batting: RHB Mario Cota
|
0-0: Ball 1-0: Ball 2-0: Called Strike 2-1: Fly out, F3 (Line Drive, 3, EV 75.0 MPH)
|
|
Batting: SHB Matt Moore
|
0-0: Called Strike 0-1: Foul Ball, location: 2F 0-2: Ball 1-2: Ball 2-2: Ball 3-2: Fly out, F8 (Flyball, 8RM, EV 95.6 MPH)
|
|
Batting: RHB Adrian Bocker
|
0-0: Called Strike 0-1: Ball 1-1: Ball 2-1: Ball 3-1: Swinging Strike 3-2: Foul Ball, location: 2F 3-2: Fly out, F9 (Line Drive, 9, EV 86.9 MPH)
|
| Top of the 4th over - 0 runs, 0 hits, 0 errors, 0 left on base; Miami (APP) 2 - Philadelphia (APP) 4 |
| BOTTOM OF THE 4TH |
|
Philadelphia (APP) Phillies batting - Pitching for Miami (APP) Marlins : LHP Bryan Wedge
|
|
Batting: RHB Eduardo Calderon
|
0-0: Swinging Strike 0-1: Ball 1-1: Ground out 5-3 (Groundball, 56S, EV 90.6 MPH)
|
|
Batting: LHB Matt Urbanek
|
0-0: Foul Ball, location: 2F 0-1: Foul Ball, location: 2F 0-2: Ball 1-2: Ball 2-2: Foul Ball, location: 2F 2-2: Foul Ball, location: 2F 2-2: Ball 3-2: SINGLE (Line Drive, 7S, EV 95.6 MPH)
|
|
Batting: LHB Eric Farren
|
0-0: Called Strike 0-1: Ball 1-1: Ball Matt Urbanek steals 2nd base (no throw) 2-1: Called Strike 2-2: SINGLE (Line Drive, 56, EV 99.4 MPH) Matt Urbanek to third
|
|
Batting: RHB Pablo Lopez
|
0-0: Called Strike 0-1: DOUBLE (Flyball, 9LD, EV 91.9 MPH) Matt Urbanek scores Eric Farren to third
|
|
Batting: LHB Danny Zuniga
|
0-0: Foul Ball, location: 2F 0-1: Called Strike 0-2: Ball 1-2: Foul Ball, location: 2F 1-2: Foul Ball, location: 2F 1-2: SINGLE (Line Drive, 4M, EV 106.9 MPH) Eric Farren scores Pablo Lopez to third
|
|
Pitching: LHP Tyler Murders
|
|
|
Batting: LHB Alex Fernandez
|
0-0: Ball 1-0: Foul Ball, location: 2F 1-1: Ball 2-1: SINGLE (Groundball, 34D, EV 94.4 MPH) Pablo Lopez scores Danny Zuniga to second
|
|
Batting: RHB Carlos Morejon
|
0-0: Foul Ball, location: 2F 0-1: DOUBLE (Flyball, 9LD, EV 105.0 MPH) Danny Zuniga scores Alex Fernandez to third
|
|
Batting: RHB Vaclav Been
|
0-0: Ball 1-0: Ball 2-0: Ball 3-0: Base on Balls
|
|
Batting: RHB Mark Schultz
|
0-0: Called Strike 0-1: Foul Ball, location: 2F 0-2: Foul Ball, location: 2F 0-2: Foul Ball, location: 2F 0-2: Ball 1-2: SINGLE (Line Drive, 6D, EV 108.8 MPH) Alex Fernandez scores Carlos Morejon to third Vaclav Been to second Throwing error, E8 Carlos Morejon scores Vaclav Been to third Mark Schultz to second
|
|
Batting: RHB Eduardo Calderon
|
0-0: Ball 1-0: Ball 2-0: Ball 3-0: Base on Balls
|
|
Batting: LHB Matt Urbanek
|
0-0: Foul Ball, location: 2F 0-1: Fielders Choice at 2nd, 5-4 (Groundball, 5, EV 98.8 MPH) Vaclav Been scores Mark Schultz to third
|
|
Batting: LHB Eric Farren
|
0-0: Foul Ball, location: 2F 0-1: Ball 1-1: Swinging Strike 1-2: Ball 2-2: Strikes out looking
|
| Bottom of the 4th over - 7 runs, 7 hits, 1 error, 2 left on base; Miami (APP) 2 - Philadelphia (APP) 11 |
| TOP OF THE 5TH |
|
Miami (APP) Marlins batting - Pitching for Philadelphia (APP) Phillies : LHP Eddie San Miguel
|
|
Batting: RHB Matt Alexander
|
0-0: Ball 1-0: Ground out U3 (Groundball, 34S, EV 88.8 MPH)
|
|
Batting: RHB Rick Knoblauch
|
0-0: SINGLE (Groundball, 56D, EV 105.0 MPH)
|
|
Batting: LHB Gavrilo Brkic
|
0-0: Ball 1-0: Called Strike 1-1: Swinging Strike 1-2: Strikes out swinging
|
|
Batting: LHB Melvin Castro
|
0-0: Called Strike 0-1: Ball 1-1: Foul Ball, location: 2F 1-2: Strikes out swinging
|
| Top of the 5th over - 0 runs, 1 hit, 0 errors, 1 left on base; Miami (APP) 2 - Philadelphia (APP) 11 |
| BOTTOM OF THE 5TH |
|
Philadelphia (APP) Phillies batting - Pitching for Miami (APP) Marlins : LHP Tyler Murders
|
|
Batting: RHB Pablo Lopez
|
0-0: Ball 1-0: Called Strike 1-1: Foul Ball, location: 2F 1-2: Ball 2-2: Ball 3-2: Foul Ball, location: 2F 3-2: Foul Ball, location: 2F 3-2: Foul Ball, location: 2F 3-2: Base on Balls
|
|
Batting: LHB Danny Zuniga
|
0-0: Called Strike 0-1: Called Strike 0-2: Ball 1-2: Foul Ball, location: 2F 1-2: Strikes out looking
|
|
Batting: LHB Alex Fernandez
|
0-0: Called Strike 0-1: Ball 1-1: Ball Wild Pitch! Pablo Lopez to second 2-1: Ball 3-1: Base on Balls
|
|
Batting: RHB Carlos Morejon
|
0-0: Called Strike 0-1: Ball 1-1: Ball 2-1: Foul Ball, location: 2F 2-2: Ball 3-2: Base on Balls Pablo Lopez to third Alex Fernandez to second
|
|
Batting: RHB Vaclav Been
|
0-0: Foul Ball, location: 2F 0-1: Ball 1-1: Reached on error, E4 (Groundball, 13, EV 88.1 MPH) Pablo Lopez scores Alex Fernandez to third Carlos Morejon to second
|
|
Pitching: LHP Mike Wasson
|
|
|
Batting: RHB Mark Schultz
|
0-0: Ball 1-0: Ball 2-0: Called Strike 2-1: Called Strike 2-2: Ball 3-2: Strikes out swinging
|
|
Batting: RHB Eduardo Calderon
|
0-0: Ball 1-0: Ball 2-0: Swinging Strike 2-1: Fly out, F7 (Flyball, 7LS, EV 81.9 MPH)
|
| Bottom of the 5th over - 1 run, 0 hits, 1 error, 3 left on base; Miami (APP) 2 - Philadelphia (APP) 12 |
| TOP OF THE 6TH |
|
Miami (APP) Marlins batting - Pitching for Philadelphia (APP) Phillies : LHP Eddie San Miguel
|
|
Batting: RHB Jason Thrash
|
0-0: Fly out, F9 (Flyball, 9, EV 87.5 MPH)
|
|
Batting: RHB Keith Bennett
|
0-0: Ball 1-0: Foul Ball, location: 2F 1-1: Ball 2-1: Called Strike 2-2: Ball 3-2: Base on Balls
|
|
Batting: RHB Mario Cota
|
0-0: Ball 1-0: Called Strike 1-1: Ball 2-1: Ball 3-1: Foul Ball, location: 2F 3-2: Fielders Choice at 2nd, 3-6 (Groundball, 3, EV 87.5 MPH)
|
|
Batting: SHB Matt Moore
|
0-0: Called Strike 0-1: Ball 1-1: Called Strike 1-2: SINGLE (Groundball, 6MD, EV 109.4 MPH) Mario Cota to second
|
|
Batting: RHB Adrian Bocker
|
0-0: Ball 1-0: Called Strike 1-1: Foul Ball, location: 2F 1-2: Fly out, F5 (Flyball, 5D, EV 83.1 MPH)
|
| Top of the 6th over - 0 runs, 1 hit, 0 errors, 2 left on base; Miami (APP) 2 - Philadelphia (APP) 12 |
| BOTTOM OF THE 6TH |
|
Philadelphia (APP) Phillies batting - Pitching for Miami (APP) Marlins : LHP Mike Wasson
|
|
Batting: LHB Matt Urbanek
|
0-0: Ball 1-0: Foul Ball, location: 2F 1-1: Ball 2-1: TRIPLE (Line Drive, 9D, EV 101.2 MPH)
|
|
Batting: LHB Eric Farren
|
0-0: Foul Ball, location: 2F 0-1: SINGLE (Groundball, 6D, EV 95.0 MPH) Matt Urbanek scores
|
|
Batting: RHB Pablo Lopez
|
0-0: Ball Wild Pitch! Eric Farren to second 1-0: Ball 2-0: Ball 3-0: Base on Balls
|
|
Pitching: RHP Adam Brown
|
|
|
Batting: LHB Danny Zuniga
|
0-0: Ball 1-0: Called Strike 1-1: Foul Ball, location: 2F 1-2: Ball 2-2: Ball 3-2: SINGLE (Flyball, 4D, EV 96.9 MPH) Eric Farren to third Pablo Lopez to second
|
|
Batting: LHB Alex Fernandez
|
0-0: Ball 1-0: Foul Ball, location: 2F 1-1: Swinging Strike 1-2: Foul Ball, location: 2F 1-2: Foul Ball, location: 2F 1-2: DOUBLE (Line Drive, 78D, EV 104.4 MPH) Eric Farren scores Pablo Lopez scores Danny Zuniga to third
|
|
Batting: RHB Carlos Morejon
|
0-0: Ball 1-0: Ball 2-0: Called Strike 2-1: SINGLE (Groundball, 5D, EV 100.6 MPH) Danny Zuniga scores Alex Fernandez to third
|
|
Batting: RHB Vaclav Been
|
0-0: Ball 1-0: Ball Wild Pitch! Alex Fernandez scores Carlos Morejon to second 2-0: Ball 3-0: Base on Balls
|
|
Pitching: RHP Jeremy Akande
|
|
|
Batting: RHB Mark Schultz
|
0-0: Called Strike 0-1: Fly out, F9 (Flyball, 89M, EV 74.4 MPH)
|
|
Batting: RHB Eduardo Calderon
|
0-0: Called Strike 0-1: Fielders Choice at 2nd, 5-4 (Groundball, 56D, EV 82.5 MPH) Carlos Morejon to third
|
|
Batting: LHB Matt Urbanek
|
0-0: DOUBLE (Line Drive, 7LM, EV 110.0 MPH) Carlos Morejon scores Eduardo Calderon to third Runner from 3rd tries for Home, SAFE, no throw by LF
|
|
Batting: LHB Eric Farren
|
0-0: Ball 1-0: Hit by Pitch
|
|
Batting: RHB Pablo Lopez
|
0-0: Foul Ball, location: 2F 0-1: Ball 1-1: Ball 2-1: Ball 3-1: Foul Ball, location: 2F 3-2: Base on Balls Matt Urbanek to third Eric Farren to second
|
|
Batting: LHB Danny Zuniga
|
0-0: Ground out U3 (Groundball, 3S, EV 68.1 MPH)
|
| Bottom of the 6th over - 7 runs, 6 hits, 0 errors, 3 left on base; Miami (APP) 2 - Philadelphia (APP) 19 |
| TOP OF THE 7TH |
|
Miami (APP) Marlins batting - Pitching for Philadelphia (APP) Phillies : LHP Eddie San Miguel
|
|
Batting: RHB Matt Alexander
|
0-0: Called Strike 0-1: Ball 1-1: Called Strike 1-2: Ball 2-2: Ball 3-2: Ground out 6-3 (Groundball, 6, EV 106.9 MPH)
|
|
Batting: RHB Rick Knoblauch
|
0-0: Ball 1-0: Ball 2-0: Ball 3-0: Base on Balls
|
|
Batting: LHB Gavrilo Brkic
|
0-0: Ball 1-0: Sac Bunt to 15 - play at first, batter OUT! 1-4 Rick Knoblauch to second
|
|
Batting: LHB Melvin Castro
|
0-0: Ground out 5-3 (Groundball, 56S, EV 75.6 MPH)
|
| Top of the 7th over - 0 runs, 0 hits, 0 errors, 1 left on base; Miami (APP) 2 - Philadelphia (APP) 19 |
| BOTTOM OF THE 7TH |
|
Philadelphia (APP) Phillies batting - Pitching for Miami (APP) Marlins : RHP Jeremy Akande
|
|
Batting: LHB Alex Fernandez
|
0-0: Ball 1-0: Called Strike 1-1: Swinging Strike 1-2: Strikes out swinging
|
|
Batting: RHB Carlos Morejon
|
0-0: Foul Ball, location: 2F 0-1: Ball 1-1: Called Strike 1-2: Foul Ball, location: 2F 1-2: Ball 2-2: Ball 3-2: Foul Ball, location: 2F 3-2: SOLO HOME RUN (Flyball, 7LD, EV 95.6 MPH), Distance : 349 ft
|
|
Batting: RHB Vaclav Been
|
0-0: Ball 1-0: Ball 2-0: Ball 3-0: Base on Balls
|
|
Batting: RHB Mark Schultz
|
0-0: Ball 1-0: SINGLE (Flyball, 4MD, EV 89.4 MPH) Vaclav Been to second
|
|
Batting: RHB Eduardo Calderon
|
0-0: Ball 1-0: Ball 2-0: Ball 3-0: Called Strike 3-1: Base on Balls Vaclav Been to third Mark Schultz to second
|
|
Batting: LHB Matt Urbanek
|
0-0: Called Strike 0-1: Ball 1-1: Ball 2-1: SINGLE (Flyball, 5D, EV 84.4 MPH) Vaclav Been scores Mark Schultz to third Eduardo Calderon to second
|
|
Batting: LHB Eric Farren
|
0-0: Ball 1-0: Swinging Strike 1-1: Foul Ball, location: 2F 1-2: Fielders Choice at 2nd, 5-4 (Groundball, 25, EV 84.4 MPH) Mark Schultz scores Eduardo Calderon to third
|
|
Batting: RHB Pablo Lopez
|
0-0: Called Strike 0-1: Foul Ball, location: 2F 0-2: Ball 1-2: Ball 2-2: Foul Ball, location: 2F 2-2: Ball 3-2: Foul Ball, location: 2F 3-2: Base on Balls Eric Farren to second
|
|
Batting: LHB Danny Zuniga
|
0-0: Foul Ball, location: 2F 0-1: Ball Wild Pitch! Eduardo Calderon scores Eric Farren to third Pablo Lopez to second 1-1: Ball 2-1: Ball 3-1: Foul Ball, location: 2F 3-2: Fly out, F9 (Flyball, 89S, EV 93.1 MPH)
|
| Bottom of the 7th over - 4 runs, 3 hits, 0 errors, 2 left on base; Miami (APP) 2 - Philadelphia (APP) 23 |
| TOP OF THE 8TH |
|
Miami (APP) Marlins batting - Pitching for Philadelphia (APP) Phillies : LHP Eddie San Miguel
|
|
Batting: RHB Jason Thrash
|
0-0: Ball 1-0: Swinging Strike 1-1: Swinging Strike 1-2: Fly out, F4 (Popup, 34, EV 81.2 MPH)
|
|
Pitching: RHP Tony Trevino
|
|
|
Batting: RHB Keith Bennett
|
0-0: Ball 1-0: Called Strike 1-1: Ground out 3-1 (Groundball, 34, EV 105.6 MPH)
|
|
Batting: RHB Mario Cota
|
0-0: Foul Ball, location: 2F 0-1: Ball 1-1: DOUBLE (Line Drive, 9LM, EV 106.9 MPH)
|
|
Batting: SHB Matt Moore
|
0-0: Ball 1-0: Called Strike 1-1: Foul Ball, location: 2F 1-2: Ground out 4-3 (Groundball, 34, EV 109.4 MPH)
|
| Top of the 8th over - 0 runs, 1 hit, 0 errors, 1 left on base; Miami (APP) 2 - Philadelphia (APP) 23 |
| BOTTOM OF THE 8TH |
|
Philadelphia (APP) Phillies batting - Pitching for Miami (APP) Marlins : RHP Jeremy Akande
|
|
Batting: LHB Alex Fernandez
|
0-0: Ball 1-0: SINGLE (Line Drive, 8RS, EV 86.2 MPH)
|
|
Batting: RHB Carlos Morejon
|
0-0: Ball 1-0: Ball 2-0: Ball 3-0: Base on Balls Alex Fernandez to second
|
|
Batting: RHB Vaclav Been
|
0-0: Ball 1-0: Ball 2-0: Called Strike 2-1: Called Strike 2-2: Ball 3-2: Base on Balls Alex Fernandez to third Carlos Morejon to second
|
|
Batting: RHB Mark Schultz
|
0-0: Ball 1-0: Ball 2-0: Ball 3-0: Foul Ball, location: 2F 3-1: Base on Balls Alex Fernandez scores Carlos Morejon to third Vaclav Been to second
|
|
Batting: RHB Eduardo Calderon
|
0-0: SINGLE (Line Drive, 8LS, EV 95.6 MPH) Carlos Morejon scores Vaclav Been to third Mark Schultz to second
|
|
Batting: LHB Matt Urbanek
|
0-0: Ball 1-0: Swinging Strike 1-1: Ball 2-1: Ball 3-1: Base on Balls Vaclav Been scores Mark Schultz to third Eduardo Calderon to second
|
|
Batting: LHB Eric Farren
|
0-0: Ball 1-0: Ball 2-0: Ball 3-0: Called Strike 3-1: Base on Balls Mark Schultz scores Eduardo Calderon to third Matt Urbanek to second
|
|
Batting: RHB Pablo Lopez
|
0-0: Swinging Strike 0-1: Foul Ball, location: 2F 0-2: Ball 1-2: Strikes out looking
|
|
Batting: LHB Danny Zuniga
|
0-0: DOUBLE (Line Drive, 7LS, EV 89.4 MPH) Eduardo Calderon scores Matt Urbanek scores Eric Farren to third
|
|
Batting: LHB Alex Fernandez
|
0-0: Fly out, F4 (Line Drive, 4, EV 66.9 MPH)
|
|
Batting: RHB Carlos Morejon
|
0-0: Called Strike 0-1: Ball 1-1: Ground out 5-3 (Groundball, 56, EV 84.4 MPH)
|
| Bottom of the 8th over - 6 runs, 3 hits, 0 errors, 2 left on base; Miami (APP) 2 - Philadelphia (APP) 29 |
| TOP OF THE 9TH |
|
Miami (APP) Marlins batting - Pitching for Philadelphia (APP) Phillies : RHP Tony Trevino
|
|
Batting: RHB Adrian Bocker
|
0-0: Swinging Strike 0-1: Swinging Strike 0-2: Ball 1-2: Strikes out swinging
|
|
Batting: RHB Matt Alexander
|
0-0: Ball 1-0: Ground out 5-3 (Groundball, 5, EV 106.9 MPH)
|
|
Batting: RHB Rick Knoblauch
|
0-0: Foul Ball, location: 2F 0-1: Called Strike 0-2: Strikes out looking
|
| Top of the 9th over - 0 runs, 0 hits, 0 errors, 0 left on base; Miami (APP) 2 - Philadelphia (APP) 29 |
|